 Dungeon Crawl Stone Soup version 0.28.0-43-g3370ac3207 (webtiles) character file.

Game seed: 7710023306109582368

252 issech the Cudgeller (level 5, -3/53 HPs)
             Began as a Troll Monk on Mar 24, 2022.
             Killed from afar by a steam dragon (21 damage)
             ... with a ball of steam
             ... on level 6 of the Dungeon.
             The game lasted 00:08:58 (2168 turns).

issech the Cudgeller (Troll Monk)                   Turns: 2168, Time: 00:08:58

Health: -3/53      AC:  6    Str: 19    XL:     5   Next: 89%
Magic:  4/4        EV: 10    Int:  6    God:
Gold:   90         SH:  0    Dex: 14    Spells: 4/4 levels left

rFire   . . .      SeeInvis .   a - +1 mace
rCold   . . .      Faith    .   (no shield)
rNeg    . . .      Spirit   .   j - +2 animal skin
rPois   .          Reflect  .   (helmet restricted)
rElec   .          Harm     .   (no cloak)
rCorr   +          Rampage  .   (gloves unavailable)
Will    .....                   (boots unavailable)
Stlth   ++........              (no amulet)
HPRegen 0.97/turn               h - ring of resist corrosion
MPRegen 0.09/turn               (no ring)

@: no status effects
A: large, unfitting armour, claws 3, regeneration 1, shaggy fur 1, tough skin 1
a: no special abilities


You were on level 6 of the Dungeon.
You visited 1 branch of the dungeon, and saw 4 of its levels.

You collected 90 gold pieces.

Inventory:

Hand Weapons
 a - a +1 mace (weapon)
 k - a +2 dagger of protection
 m - a +0 short sword of protection
 o - a +0 whip of draining
Missiles
 c - 56 stones
 f - 3 boomerangs (quivered)
 g - 40 sling bullets
 l - 66 arrows
Armour
 j - a +2 animal skin (worn)
Jewellery
 h - a ring of resist corrosion (left claw)
Scrolls
 e - a scroll of teleportation {unknown}
 n - a scroll of immolation
 p - 2 scrolls of enchant weapon
Potions
 d - 2 potions of brilliance {unknown}
 i - 3 potions of curing {unknown}


   Skills:
 + Level 3.2 Fighting
 + Level 4.9 Maces & Flails
 + Level 0.5 Throwing
 + Level 3.0 Dodging
 + Level 1.3 Stealth


You had 4 spell levels left.
You didn't know any spells.
Your spell library was empty.

Dungeon Overview and Level Annotations

Branches:
Dungeon (3/15)

Altars:
Vehumet


Innate Abilities, Weirdness & Mutations

You are too large for most types of armour.
You have claws for hands.
Your natural rate of healing is unusually fast.
You are covered in fur. (AC +1)
You have tough skin. (AC +1)


Message History

Found a thin glowing staff.
A steam dragon comes into view.
You miss the adder. The adder bites you but does no damage.
The adder barely misses you.
You closely miss the adder.
The steam dragon hisses angrily.
The adder closely misses you.
You sock the adder!
The adder is severely wounded.
The adder bites you. The adder barely misses you.
You closely miss the adder.
The adder is severely wounded.
The adder barely misses you.
You barely miss the adder.
The adder is severely wounded.
The adder closely misses you.
You barely miss the adder.
The adder is severely wounded.
The adder barely misses you. x2
You hit the adder but do no damage.
The adder is severely wounded.
The steam dragon breathes steam at you. The ball of steam hits you!!
The adder bites you.
Unknown command.
You hit the adder.
You kill the adder!
You are engulfed in a cloud of scalding steam.
You barely miss the steam dragon.
You are engulfed in a cloud of scalding steam.
The steam dragon bites you but does no damage.
The steam dragon misses you. The steam dragon closely misses you.
The steam dragon claws you.
You hit the steam dragon.
The steam dragon is lightly wounded.
The steam dragon barely misses you. x2
You barely miss the steam dragon. You claw the steam dragon.
The steam dragon is moderately wounded.
The steam dragon breathes steam at you. The ball of steam hits you!!
You die...

#...........
##...........
#.............
#............|
##.............#
.#..............###
#......D..........#
#......@†......... ..
#.!...§§......[.. ...
#$.....§§......## #♣P..
#...............###≈≈≈♣≈
##...............#..♣≈≈♣
#...................≈..
#..........#...........
#?..........###........
#...........###........


You could see a steam dragon (catching breath).

Vanquished Creatures
  2 jellies (D:2)
  Terence (D:2)
  Robin (D:2)
  5 adders
  A worm (D:2)
  A dart slug (D:1)
  3 orcs (D:3)
  6 ball pythons
  21 endoplasms
  2 giant cockroaches (D:1)
  12 goblins
  13 hobgoblins
  10 kobolds
  4 quokkas
  4 bats
  2 frilled lizards
  9 rats
97 creatures vanquished.

Vanquished Creatures (others)
  4 fungi (D:2)
  4 toadstools (D:2)
8 creatures vanquished.

Grand Total: 105 creatures vanquished

Notes
Turn   | Place    | Note
-------+----------+-------------------------------------------
     0 | D:1      | issech the Troll Monk began the quest for the Orb.
     0 | D:1      | Reached XP level 1. HP: 22/22 MP: 0/0
   124 | D:1      | Found a faded altar of an unknown god.
   144 | D:1      | Reached XP level 2. HP: 29/29 MP: 1/1
   233 | D:1      | Reached skill level 3 in Maces & Flails
   476 | D:1      | Reached XP level 3. HP: 36/36 MP: 2/2
   707 | D:2      | Found a radiant altar of Vehumet.
   748 | D:2      | Noticed Robin
   757 | D:2      | Killed Robin
   982 | D:2      | Reached XP level 4. HP: 44/44 MP: 3/3
  1311 | D:2      | Reached skill level 4 in Maces & Flails
  1330 | D:2      | Reached XP level 5. HP: 35/53 MP: 4/4
  1639 | D:2      | Noticed Terence
  1647 | D:2      | Killed Terence
  2133 | D:3      | You fall into a shaft and drop 3 floors!
  2157 | D:6      | Noticed a steam dragon
  2168 | D:6      | Killed from afar by a steam dragon

Illustrated notes

Levels and vault maps discovered:
D:1:      ncdulo_wetmaze, layout_rooms, shapermc_ecumenical_altar_mp_highgroup,
          st_stairs_10
D:2:      cheibrodos_fertilizer, layout_basic, basic_altar,
          minmay_goblin_outpost, uniq_robin, uniq_terence
D:3:      layout_loops_ring, chequers_avenue
D:6:      layout_layer_cave, grunt_temple_overflow_order_and_chaos_1,
          serial_bayou_pond_d, grunt_decor_junction, nrook_mini_vaults,
          uniq_prince_ribbit1

Skill      XL: |  1  2  3  4  5 |
---------------+----------------+-----
Maces & Flails | 3 4 |  4.9
Fighting       | 3 |  3.2
Dodging        | 3 |  3.0
Throwing       | |  0.5
Stealth        | |  1.3

Action                   |  1- 3 |  4- 6 || total
-------------------------+-------+-------++-------
Melee: Mace              |   154 |   168 ||   322
       Punch             |     2 |     2 ||     4
Throw: Boomerang         |       |     4 ||     4
  Use: Scroll            |       |     2 ||     2
 Stab: Sleeping          |     2 |     1 ||     3
Armor: Robe              |    52 |       ||    52
       Animal skin       |    10 |    67 ||    77
Dodge: Dodged            |   116 |   100 ||   216
